 Dungeon Crawl Stone Soup version 0.23-a0-667-gc184e93 (webtiles) character file.

49 George the Chopper (level 3, -6/29 HPs)
             Began as a Demonspawn Fighter on Jan 8, 2019.
             Mangled by an ogre
             ... wielding a +0 giant club
              (9 damage)
             ... on level 1 of the Dungeon.
             The game lasted 00:01:22 (985 turns).

George the Chopper (Demonspawn Fighter)              Turns: 985, Time: 00:01:23

Health: -6/29      AC:  6    Str: 22    XL:     3   Next: 53%
Magic:  3/3        EV:  7    Int:  9    God:
Gold:   78         SH:  9    Dex: 12    Spells: 2/2 levels left

rFire    . . .     SeeInvis .   a - +0 war axe
rCold    . . .     Gourm    .   c - +0 shield
rNeg     . . .     Faith    .   b - +0 scale mail
rPois    .         Spirit   .   (no helmet)
rElec    .         Reflect  .   (no cloak)
rCorr    .         Harm     .   (no gloves)
MR       .....                  (no boots)
Stlth    ..........             (no amulet)
HPRegen  0.09/turn              (no ring)
MPRegen  0.08/turn              (no ring)

@: mighty
A: powered by death 1, sturdy frame 1
a: no special abilities


You were on level 1 of the Dungeon.
You were not hungry.

You visited 1 branch of the dungeon, and saw 2 of its levels.

You collected 78 gold pieces.

Inventory:

Hand Weapons
 a - a +0 war axe (weapon)
Armour
 b - a +0 scale mail (worn)
 c - a +0 shield (worn)
Scrolls
 e - a scroll of fog {unknown}
 h - 2 scrolls of identify {unknown}
 i - 2 scrolls of remove curse {unknown}
 j - a scroll of enchant armour {unknown}
 k - a scroll of teleportation {unknown}
Potions
 d - a potion of might
 g - a potion of ambrosia {unknown}
 l - a potion of degeneration {unknown}
 m - a potion of curing {unknown}
 n - a potion of flight {unknown}
Comestibles
 f - a ration


   Skills:
 - Level 3.0 Fighting
 + Level 3.6 Axes
 - Level 2.6 Armour
 - Level 2.6 Shields


You had 2 spell levels left.
You didn't know any spells.
Your spell library was empty.

Dungeon Overview and Level Annotations

Branches:
Dungeon (2/15)

Altars:


Innate Abilities, Weirdness & Mutations

You regenerate a little health from kills.
Your movements are slightly less encumbered by armour. (ER -2)


Message History

The gnoll closely misses you.
There is a stone staircase leading up here.
The bat hits you but does no damage.
The hobgoblin hits you but does no damage.
The ogre barely misses you. The gnoll hits you but does no damage.
You climb upwards.
There is a stone staircase leading down here.
You slash the ogre!
The ogre is moderately wounded.
You slash the gnoll! You hit the hobgoblin but do no damage.
The hobgoblin barely misses you.
The ogre hits you with a +0 giant club!!
Ouch! That really hurt!
* * * LOW HITPOINT WARNING * * *
The gnoll hits you but does no damage.
You feel very mighty all of a sudden. You block the hobgoblin's attack.
The gnoll hits you.
* * * LOW HITPOINT WARNING * * *
The ogre hits you with a +0 giant club!
You die...

.......#............#..........#.
.......#.........................
......##.........................
......##.........................
......##...........##############
......##....###..###
'#....##....# #..# #########
.#)...##....# #Og########........
.#....####### ##@g............###
.#....# ##########.#.#.###
.###### #.#...... .# #.#.#.### .#
#.#.#.# .# #.#.#.# .# #.#.#.# .#
#.#.#.# .# #.#.#.#


You could see an ogre, a gnoll and a hobgoblin.

Vanquished Creatures
  An adder (D:2)
  2 oozes (D:1)
  5 bats (D:1)
  2 giant cockroaches (D:1)
  8 goblins (D:1)
  5 hobgoblins
  A ball python (D:1)
  A frilled lizard (D:1)
  4 rats (D:1)
29 creatures vanquished.

Notes
Turn   | Place    | Note
-------+----------+-------------------------------------------
     0 | D:1      | George the Demonspawn Fighter began the quest for the Orb.
     0 | D:1      | Reached XP level 1. HP: 18/18 MP: 1/1
    74 | D:1      | Gained mutation: You regenerate a little health from kills.
                  | [demonic ancestry]
    74 | D:1      | Reached XP level 2. HP: 18/24 MP: 2/2
   287 | D:1      | Gained mutation: Your movements are slightly less
                  | encumbered by armour. (ER -2) [demonic ancestry]
   287 | D:1      | Reached XP level 3. HP: 28/29 MP: 3/3
   705 | D:2      | Noticed an ogre
   985 | D:1      | Mangled by an ogre

Vault maps used:
D:1:      ncdulo_lavacross

Skill      XL: |  1  2 |
---------------+-------+-----
Axes           | 2 3 |  3.6
Fighting       | |  3.0
Armour         | |  2.6
Shields        | |  2.6

Action                   || total
-------------------------++-------
Melee: War axe           ||    73
  Use: Potion            ||     1
Armor: Scale mail        ||    58
Dodge: Dodged            ||    35
Block: Shield            ||    48

Table legend:
 A = Non-vault XP
 B = Vault XP
 C = Vault XP percentage of total XP
 D = Non-vault monster count
 E = Vault monster count
 F = Vault count percentage of total count
                 A         B        C        D         E       F
            +---------+---------+-------+---------+---------+-------
      Total |      71 |       0 |   0.0 |      29 |       0 |   0.0
            +---------+---------+-------+---------+---------+-------
        D:1 |      56 |       0 |   0.0 |      27 |       0 |   0.0
        D:2 |      15 |       0 |   0.0 |       2 |       0 |   0.0
            +---------+---------+-------+---------+---------+-------
